 Dungeon Crawl Stone Soup version 0.18.1-50-g88ac8fd (webtiles) character file.

4076 WhiskeyPanda the Ducker (level 10, 0/84 HPs)
             Began as a Ghoul Warper on Sept 14, 2016.
             Was an Elder of Nemelex Xobeh.
             Slain by Erica
             ... wielding a +4 scimitar of flaming
              (1 damage)
             ... on level 9 of the Dungeon.
             The game lasted 01:11:41 (9988 turns).

WhiskeyPanda the Ducker (Ghoul Warper)              Turns: 9988, Time: 01:11:41

Health: 0/84       AC: 12    Str: 17    XL:     10   Next: 25%
Magic:  12/12      EV: 12    Int: 10    God:    Nemelex Xobeh [****..]
Gold:   452        SH:  0    Dex:  8    Spells: 2 memorised, 11 levels left

rFire  + . .     SeeInvis .     q - +2 short sword (venom)
rCold  + . .     Gourm    .     T - +1 ring mail {rF+}
rNeg   + + +     Faith    .     (no shield)
rPois  ∞         Spirit   .     o - +2 hat
rElec  .         Dismiss  .     h - +0 cloak
rCorr  .         Reflect  .     (no gloves)
SustAt .         Harm     .     u - +0 pair of boots
MR     +....                    (no amulet)
Stlth  ..........               (no ring)
                                f - ring of protection from magic

@: rotting, somewhat resistant to hostile enchantments, extremely unstealthy
A: rotting body, claws 1, carnivore 3, cold resistance 1, negative energy
resistance 3, slow regeneration 1, torment resistance, unbreathing
a: Triple Draw, Deal Four, Renounce Religion


You were on level 9 of the Dungeon.
You worshipped Nemelex Xobeh.
Nemelex Xobeh was greatly pleased with you.
You were not hungry.

You visited 2 branches of the dungeon, and saw 10 of its levels.

You collected 452 gold pieces.

Inventory:

Hand Weapons
 i - a +2 hand axe of holy wrath
 q - a +2 short sword of venom (weapon)
Missiles
 w - 16 tomahawks (quivered)
 y - 3 javelins
Armour
 e - a +0 plate armour of poison resistance
 h - a +0 cloak (worn)
 o - a +2 hat (worn)
 u - a +0 pair of boots (worn)
 D - a +0 robe of magic resistance
 M - a cursed +0 robe
 T - a +1 ring mail of fire resistance (worn)
Magical Staves
 I - an uncursed staff of earth
 Q - an uncursed staff of summoning {unknown}
Jewellery
 f - a ring of protection from magic (left claw)
 J - an uncursed amulet of harm {unknown}
 S - a cursed ring of teleportation {unknown}
Wands
 L - a wand of polymorph (14/24)
 R - a wand of enslavement (5/24)
Scrolls
 a - a scroll of noise {unknown}
 c - 3 scrolls of blinking
 d - a scroll of amnesia {unknown}
 g - 2 scrolls of identify
 k - 3 scrolls of recharging
 l - a scroll of fear
 m - 2 scrolls of magic mapping {unknown}
 p - a scroll of enchant weapon
 r - 3 scrolls of remove curse
 s - 2 scrolls of enchant armour {unknown}
 t - 2 scrolls of random uselessness {unknown}
 C - 2 scrolls of teleportation {unknown}
 N - 2 scrolls of fog
Potions
 j - a potion of ambrosia {unknown}
 n - a potion of agility {unknown}
 v - a potion of flight {unknown}
 x - 2 potions of haste {unknown}
 z - a potion of degeneration {unknown}
 A - 4 potions of curing
 E - a potion of brilliance {unknown}
 H - a potion of cancellation {unknown}
 O - 3 potions of heal wounds
Books
 b - a book of Spatial Translocations

   Spells                             Type                      Level
   a - Apportation                    Translocation                1
   b - Blink                          Translocation                2
   c - Shroud of Golubria             Charms/Translocation         2
   d - Portal Projectile              Translocation                3
   e - Teleport Other                 Translocation                3
   f - Passage of Golubria            Translocation                4
Miscellaneous
 G - a legendary deck of war {drawn: 6}
 K - an ornate deck of escape {drawn: 1}
 P - a legendary deck of destruction {drawn: 1}
 U - an ornate deck of destruction {drawn: 3}
Comestibles
 B - 2 meat rations
 F - a beef jerky
 V - 2 chunks of flesh


   Skills:
 + Level 6.9 Fighting
 + Level 2.3 Short Blades
 + Level 2.5 Throwing
 + Level 6.4 Armour
 + Level 7.1 Dodging
 + Level 0.5 Stealth
 + Level 6.6 Unarmed Combat
 + Level 2.5 Spellcasting
 + Level 3.3 Translocations
 + Level 2.4 Evocations


You had 11 spell levels left.
You knew the following spells:

 Your Spells              Type           Power        Failure   Level  Hunger
a - Apportation           Tloc           #.........   17%         1    ##.....
b - Blink                 Tloc           N/A          24%         2    ###....


Dungeon Overview and Level Annotations

Branches:
Dungeon (9/15)             Temple (1/1) D:4
   Lair: D:8-11         Orc: D:9-12

Altars:
Ashenzari
Dithmenos
Elyvilon
Fedhas
Gozag
Kikubaaqudgha
Makhleb
Nemelex Xobeh
Okawaru
Pakellas
Qazlal
Ru
Trog
Vehumet
Xom
Yredelemnul
Zin
The Shining One

Annotations:
D:9 Erica


Innate Abilities, Weirdness & Mutations

Your body is rotting away.
You thrive on raw meat.
You are immune to poison.
You have sharp fingernails.
You are carnivorous and can eat meat at any time.
Your flesh is cold resistant.
You are immune to negative energy.
You regenerate slowly when monsters are visible.
You are immune to unholy pain and torment.
You can survive without breathing.


Message History

You throw a tomahawk. The tomahawk completely misses Erica.
Erica gestures wildly while chanting.
Erica flickers and vanishes!
Deactivating autopickup; reactivate with Ctrl-A.
You swap places.
Something hits you.
* * * LOW HITPOINT WARNING * * *
Something hits you but does no damage.
You swap places.
Something hits you but does no damage.
You are too injured to fight recklessly!
You swap places.
Something hits you!
* * * LOW HITPOINT WARNING * * *
Something burns you.
* * * LOW HITPOINT WARNING * * *
Eat one of 3 chunks of flesh? (ye/n/q/i?) This raw flesh tastes great!
Something hits you.
* * * LOW HITPOINT WARNING * * *
Something burns you.
You die...
Your body glows slightly and disappears.

......#### ##'####
#.# ## ##.# .# #..#
######'### #'########
#.....(..#
.........###........#
.....)..)'.#........#
.........#.#....@...#
..)......#.)....(...#
.........###........#
.........# #........#
.........# #........#
#####'#### ##########
#.# ..# ####


You could see a friendly demon trident of Juughul {vamp, rN+ MR+ Stlth+}.

Vanquished Creatures
  Pikel (D:9)
  An ugly thing (D:9)
  Prince Ribbit (D:6)
  A hippogriff (D:8)
  2 porcupines
  A water moccasin (D:7)
  2 orc warriors (D:9)
  A black bear (D:7)
  A sky beast (D:7)
  An ice beast (D:5)
  2 phantoms
  An ogre (D:4)
  4 centaurs
  2 giant frogs
  A scorpion (D:7)
  A killer bee (D:8)
  A howler monkey (D:8)
  A crimson imp (D:7)
  2 jellies
  2 giant frog zombies
  3 hounds
  3 orc priests (D:5)
  2 giant frog skeletons
  An iguana (D:3)
  6 worker ants
  4 orc wizards
  A hound skeleton (D:9)
  3 gnolls (D:4)
  A howler monkey skeleton (D:5)
  15 adders
  3 oozes
  2 adder zombies
  2 dart slugs (D:1)
  8 worms
  8 giant geckos
  27 orcs
  A ball python (D:3)
  7 giant cockroaches
  10 hobgoblins
  7 jackals
  6 quokkas
  9 bats
  A giant cockroach zombie (D:5)
  A giant gecko skeleton (D:4)
  A giant gecko zombie (D:6)
  3 giant newts
  2 goblins
  6 kobolds
  A quokka skeleton (D:4)
  13 rats
186 creatures vanquished.

Vanquished Creatures (collateral kills)
  Grinder (D:6)
  2 orc warriors
  A phantom (D:7)
  An ogre (D:8)
  A giant frog (D:6)
  2 scorpions
  3 killer bees (D:8)
  A howler monkey (D:6)
  A crimson imp (D:6)
  2 hounds (D:6)
  A killer bee zombie (D:6)
  An adder (D:6)
  A shadow imp (D:8)
  An adder skeleton (D:8)
  A giant gecko (D:8)
  9 orcs
  A quokka (D:6)
30 creatures vanquished.

Vanquished Creatures (others)
  3 slaves (D:9)
3 creatures vanquished.

Grand Total: 219 creatures vanquished

Notes
Turn   | Place    | Note
--------------------------------------------------------------
     0 | D:1      | WhiskeyPanda the Ghoul Warper began the quest for the Orb.
     0 | D:1      | Reached XP level 1. HP: 17/17 MP: 2/2
    69 | D:1      | Reached skill level 1 in Throwing
    77 | D:1      | Reached XP level 2. HP: 23/24 MP: 4/4
   362 | D:1      | Reached skill level 2 in Dodging
   419 | D:1      | Learned a level 2 spell: Blink
   612 | D:1      | Reached skill level 1 in Armour
   612 | D:1      | Reached XP level 3. HP: 27/29 MP: 5/5
   777 | D:2      | Found a sparkling altar of Nemelex Xobeh.
   793 | D:2      | Became a worshipper of Nemelex Xobeh the Trickster
  1182 | D:2      | Reached XP level 4. HP: 22/37 MP: 6/6
  1388 | D:2      | Received a gift from Nemelex Xobeh
  1760 | D:2      | Noticed a porcupine
  1760 | D:2      | a worm changed into a porcupine
  1770 | D:2      | Killed a porcupine
  1770 | D:2      | Reached XP level 5. HP: 13/45 MP: 7/7
  2222 | D:3      | Noticed a moth of wrath
  2225 | D:3      | Found a bloodstained altar of Trog.
  2498 | D:3      | Reached * piety under Nemelex Xobeh
  2548 | D:3      | Reached XP level 6. HP: 46/51 MP: 8/8
  2587 | D:3      | Found a blossoming altar of Fedhas.
  2939 | D:3      | Found a radiant altar of Vehumet.
  3600 | D:4      | Noticed a phantom
  3944 | D:4      | Killed a phantom
  3944 | D:4      | Reached skill level 3 in Dodging
  4130 | D:4      | Found a shadowy altar of Dithmenos.
  4212 | D:4      | Found a staircase to the Ecumenical Temple.
  4222 | D:4      | Reached XP level 7. HP: 48/59 MP: 9/9
  4279 | Temple   | Entered the Ecumenical Temple
  4279 | Temple   | Received a gift from Nemelex Xobeh
  4715 | D:4      | Found a glowing golden altar of the Shining One.
  4787 | D:4      | Reached ** piety under Nemelex Xobeh
  4872 | D:4      | Found an oddly glowing altar of Pakellas.
  5209 | D:5      | Entered Level 5 of the Dungeon
  5226 | D:5      | Found a white marble altar of Elyvilon.
  5354 | D:5      | Found a stormy altar of Qazlal.
  5420 | D:5      | Reached skill level 4 in Dodging
  5420 | D:5      | Reached skill level 5 in Unarmed Combat
  5434 | D:5      | Reached XP level 8. HP: 39/67 MP: 10/10
  5653 | D:5      | Reached skill level 5 in Fighting
  5845 | D:5      | Received a gift from Nemelex Xobeh
  6135 | D:6      | Noticed Prince Ribbit
  6153 | D:6      | Killed Prince Ribbit
  6167 | D:6      | Noticed Grinder
  6172 | D:6      | Reached skill level 5 in Dodging
  6185 | D:6      | Reached skill level 1 in Evocations
  6189 | D:6      | Killed Grinder
  6190 | D:6      | Reached XP level 9. HP: 58/75 MP: 11/11
  6231 | D:6      | Found a sacrificial altar of Ru.
  6279 | D:6      | Noticed a hornet
  6279 | D:6      | Noticed a hornet
  6279 | D:6      | Noticed a hornet
  6293 | D:6      | Reached *** piety under Nemelex Xobeh
  6687 | D:6      | Found an oddly glowing altar of Pakellas.
  6757 | D:6      | Received a gift from Nemelex Xobeh
  7473 | D:7      | Found a burning altar of Makhleb.
  7573 | D:7      | Reached skill level 5 in Armour
  7738 | D:7      | Reached **** piety under Nemelex Xobeh
  8020 | D:8      | Received a gift from Nemelex Xobeh
  8036 | D:8      | Reached skill level 6 in Dodging
  8200 | D:8      | Reached skill level 1 in Short Blades
  8487 | D:8      | Received a gift from Nemelex Xobeh
  9263 | D:9      | Noticed Pikel
  9291 | D:9      | Killed Pikel
  9291 | D:9      | Reached XP level 10. HP: 19/84 MP: 9/12
  9363 | D:9      | Noticed a purple ugly thing
  9376 | D:9      | Killed a purple ugly thing
  9754 | D:9      | Received a gift from Nemelex Xobeh
  9844 | D:9      | Reached skill level 7 in Dodging
  9979 | D:9      | Noticed Erica
  9987 | D:9      | HP: 3/84 [something (2)]
  9988 | D:9      | HP: 1/84 [something (5)]
  9988 | D:9      | Slain by Erica

Skill      XL: |  1  2  3  4  5  6  7  8  9 10 |
---------------+-------------------------------+-----
Spellcasting   | 2 |  2.5
Throwing       | 1 2 |  2.5
Dodging        | 2 3 4 5 6 7 |  7.1
Translocations | 3 |  3.3
Armour         | 1 2 3 4 6 |  6.4
Unarmed Combat | 3 4 5 6 |  6.6
Fighting       | 3 4 6 |  6.9
Evocations     | 1 2 |  2.4
Short Blades   | 2 |  2.3
Stealth        | |  0.5

Action                   |  1- 3 |  4- 6 |  7- 9 | 10-12 || total
-------------------------+-------+-------+-------+-------++-------
Melee: Unarmed           |   109 |   322 |   317 |       ||   748
       Punch             |     2 |     2 |     9 |     1 ||    14
       Dagger            |       |    10 |       |       ||    10
       Short sword       |       |       |   167 |    80 ||   247
Throw: Tomahawk          |     3 |    13 |    23 |    16 ||    55
       Javelin           |       |       |     1 |       ||     1
 Cast: Blink             |       |     2 |     1 |     5 ||     8
       Apportation       |       |     1 |       |       ||     1
Evoke: Deck              |       |     5 |    20 |     9 ||    34
  Use: Scroll            |       |     2 |     8 |     2 ||    12
       Potion            |       |       |       |     1 ||     1
  Eat: Chunk             |    10 |    39 |    64 |     8 ||   121
       Meat ration       |       |     1 |       |       ||     1
       Pizza             |       |       |     2 |       ||     2
       Royal jelly       |       |       |     1 |       ||     1
Armor: Scale mail        |    32 |   130 |   233 |       ||   395
       Ring mail         |       |       |    41 |    46 ||    87
Dodge: Dodged            |    50 |   145 |   327 |    51 ||   573
